 Dungeon Crawl Stone Soup version 0.17.0 (webtiles) character file.

683 HaroldButt the Skirmisher (level 7, 66/66 HPs)
             Began as a Minotaur Berserker on Nov 6, 2015.
             Was a Priest of Trog.
             Quit the game on level 5 of the Dungeon.
             The game lasted 00:08:35 (3347 turns).

HaroldButt the Skirmisher (Minotaur Berserker)      Turns: 3347, Time: 00:08:35

Health: 66/66      AC: 12    Str: 22    XL:     7   Next: 35%
Magic:  6/6        EV:  9    Int:  4    God:    Trog [***...]
Gold:   232        SH:  0    Dex: 11    Spells: 0 memorised, 6 levels left

rFire  . . .     SeeInvis .     t - +0 flail
rCold  . . .     Clarity  +     r - +2 chain mail {MR+}
rNeg   . . .     SustAt   .     (no shield)
rPois  .         Gourm    .     (helmet restricted)
rElec  .         Spirit   .     (no cloak)
rCorr  .         Warding  .     h - +0 pair of gloves
rMut   .         Stasis   .     (no boots)
MR     +....                    D - amulet of clarity
Stlth  ..........               (no ring)
                                (no ring)

@: very slightly contaminated, somewhat resistant to hostile enchantments,
extremely unstealthy
A: retaliatory headbutt, horns 2
a: Berserk, Trog's Hand, Burn Spellbooks, Renounce Religion


You were on level 5 of the Dungeon.
You worshipped Trog.
Trog was most pleased with you.
You were not hungry.

You visited 1 branch of the dungeon, and saw 5 of its levels.

You collected 232 gold pieces.

Inventory:

Hand Weapons
 a - a +0 mace
 t - a +0 flail (weapon)
 x - a +0 blowgun
Missiles
 d - 136 stones (quivered)
 w - 11 poisoned needles
 y - 3 tomahawks
Armour
 h - a +0 pair of gloves (worn)
 l - a +0 shield
 r - a +2 chain mail of magic resistance (worn)
 G - the cursed +0 chain mail of Gluttony {rElec rF+ MR- Slay+2, unknown}
   (You found it on level 5 of the Dungeon)

   It affects your accuracy and damage with ranged weapons and melee attacks
   (+2).
   It protects you from fire.
   It insulates you from electricity.
   It affects your resistance to hostile enchantments.
   It has a curse placed upon it.
Jewellery
 n - an uncursed ring of ice
 C - an uncursed ring of ice
 D - an amulet of clarity (around neck)
Wands
 E - a wand of disintegration (12)
Scrolls
 i - 2 scrolls of remove curse
 v - a scroll of teleportation
 A - 2 scrolls of fog
Potions
 b - 2 potions of might
 e - 2 potions of curing
 j - 2 potions of ambrosia
 m - a potion of heal wounds {unknown}
 q - a potion of magic
 u - a potion of cancellation
Comestibles
 c - 5 bread rations
 g - 2 fruits
 o - a meat ration
 F - 2 chunks of flesh


   Skills:
 + Level 7.6 Fighting
 + Level 7.5 Maces & Flails
 - Level 2.7 Armour
 - Level 2.9 Dodging


You had 6 spell levels left.
You didn't know any spells.

Dungeon Overview and Level Annotations

Branches:
Dungeon (5/15)
 Temple: D:4-7

Altars:
Kikubaaqudgha
Nemelex Xobeh
Trog
The Shining One


Innate Abilities, Weirdness & Mutations

You reflexively headbutt those who attack you in melee.
You have a pair of horns on your head.


Message History

Read which item? (? for menu, Esc to quit)
Identify which item? (\ to view known items) (? for menu, Esc to quit)
As you read the scroll of identify, it crumbles to dust.
j - 2 potions of ambrosia Put on which piece of jewellery? (? for menu, Esc to quit)
D - an amulet of clarity (around neck) Drop what? 31/52 slots (_ for help) (? for menu, Esc to quit)
You drop a potion of mutation.
You drop a potion of lignification.
You drop a potion of poison.
You drop a potion of degeneration.
Found 8 gold pieces.
There is an escape hatch in the ceiling here.
You now have 232 gold pieces (gained 8).
There is an escape hatch in the ceiling here.
Saving game... please wait.
Welcome back, HaroldButt the Minotaur Berserker.
Trog says: Kill them all!
Press ? for a list of commands and other information.
Are you sure you want to abandon this character and quit the game? (Confirm with "yes".)

### ##.# #.#####.## #
##.##..### #.
#.....#### #.#
##.###..##.
#.########.## #..##.
#.........# ##....
#.....!...### #....
#.@.###.....###....
##....##.......#....
#.....#....#........
##.###.....####......
#.## #..).## ##.....
### #...## .....#
#...# .... ...## ..
.<..


There were no monsters in sight!

Vanquished Creatures
  Sigmund (D:3)
  An ogre (D:4)
  The ghost of Britaniac the Changer, a weakling NaTm (D:3)
  2 crimson imps (D:5)
  A hound (D:4)
  A jelly (D:4)
  Jessica (D:2)
  Terence (D:3)
  A worker ant (D:4)
  A hound skeleton (D:5)
  A worker ant zombie (D:5)
  Robin (D:2)
  7 adders
  An ooze (D:2)
  2 adder skeletons (D:4)
  2 worms
  A giant gecko (D:4)
  5 orcs
  7 bats
  7 giant cockroaches
  13 hobgoblins
  A quokka (D:5)
  A ball python (D:2)
  3 giant newts
  10 goblins
  A jackal skeleton (D:4)
  7 kobolds
  4 rats
85 creatures vanquished.

Notes
Turn   | Place    | Note
--------------------------------------------------------------
     0 | D:1      | HaroldButt the Minotaur Berserker began the quest for the Orb.
     0 | D:1      | Reached XP level 1. HP: 19/19 MP: 0/0
   531 | D:1      | Reached XP level 2. HP: 27/27 MP: 1/1
  1140 | D:2      | Found a sparkling altar of Nemelex Xobeh.
  1144 | D:2      | Found a glowing golden altar of the Shining One.
  1145 | D:2      | Found an ancient bone altar of Kikubaaqudgha.
  1192 | D:2      | Reached skill level 4 in Fighting
  1212 | D:2      | Reached XP level 3. HP: 33/33 MP: 2/2
  1289 | D:2      | Reached ** piety under Trog
  1302 | D:2      | Noticed Robin
  1310 | D:2      | Killed Robin
  1317 | D:2      | Noticed Jessica
  1326 | D:2      | Killed Jessica
  1326 | D:2      | Reached XP level 4. HP: 9/41 MP: 3/3
  1783 | D:2      | Reached skill level 5 in Maces & Flails
  2081 | D:3      | Reached skill level 5 in Fighting
  2089 | D:3      | Noticed Sigmund
  2095 | D:3      | Killed Sigmund
  2095 | D:3      | Reached skill level 6 in Fighting
  2095 | D:3      | Reached XP level 5. HP: 50/50 MP: 4/4
  2095 | D:3      | Reached XP level 6. HP: 57/57 MP: 5/5
  2157 | D:3      | Noticed Terence
  2165 | D:3      | Killed Terence
  2179 | D:3      | Found a bloodstained altar of Trog.
  2307 | D:3      | Noticed Britaniac's ghost (weakling NaTm)
  2327 | D:3      | Killed Britaniac's ghost
  2586 | D:4      | Reached *** piety under Trog
  2753 | D:4      | Found a sparkling altar of Nemelex Xobeh.
  2915 | D:4      | Reached skill level 7 in Fighting
  2915 | D:4      | Reached XP level 7. HP: 46/66 MP: 6/6
  3132 | D:5      | Entered Level 5 of the Dungeon
  3318 | D:5      | Got a smoking chain mail
  3347 | D:5      | Upgraded the game from 0.17-b1-36-g7b1967c to 0.17.0
  3347 | D:5      | Quit the game

Action                   |  1- 3 |  4- 6 |  7- 9 || total
-------------------------+-------+-------+-------++-------
Melee: Mace              |    86 |    23 |       ||   109
       Flail             |       |    65 |    29 ||    94
Invok: Berserk           |     1 |     1 |       ||     2
  Use: Scroll            |       |    12 |     3 ||    15
  Eat: Chunk             |     1 |     7 |     2 ||    10
